 Dungeon Crawl Stone Soup version 0.29-a0-668-g12ee2bf84d (webtiles) character file.

Game seed: 16546642515971076317

98 hquester1 the Shield-Bearer (level 4, -2/40 HPs)
             Began as a Minotaur Fighter on June 23, 2022.
             Killed by an exploding Natasha (29 damage)
             ... ignited by their inner flame
             ... on level 2 of the Dungeon.
             The game lasted 00:03:15 (1629 turns).

hquester1 the Shield-Bearer (Minotaur Fighter)      Turns: 1629, Time: 00:03:16

Health: -2/40      AC:  7    Str: 20    XL:     4   Next: 44%
Magic:  3/3        EV:  9    Int:  5    God:
Gold:   41         SH:  5    Dex: 12    Spells: 3/3 levels left

rFire   . . .      SeeInvis .   a - +0 flail
rCold   . . .      Faith    .   c - +0 buckler
rNeg    . . .      Spirit   .   b - +0 scale mail
rPois   .          Reflect  .   (helmet restricted)
rElec   .          Harm     .   (no cloak)
rCorr   .          Rampage  .   (no gloves)
Will    .....                   (no boots)
Stlth   ..........              (no amulet)
HPRegen 0.13/turn               (no ring)
MPRegen 0.08/turn               (no ring)

@: no status effects
A: horns 2, retaliatory headbutt
a: no special abilities


You were on level 2 of the Dungeon.
You visited 1 branch of the dungeon, and saw 2 of its levels.

You collected 41 gold pieces.

Inventory:

Hand Weapons
 a - a +0 flail (weapon)
Armour
 b - a +0 scale mail (worn)
 c - a +0 buckler (worn)
Jewellery
 n - a ring of ice
Scrolls
 e - 4 scrolls of teleportation
 h - a scroll of immolation
 k - a scroll of fog {unknown}
 l - 2 scrolls of identify {unknown}
 o - a scroll of vulnerability {unknown}
Potions
 d - a potion of might
 f - a potion of invisibility {unknown}
 g - a potion of resistance {unknown}
 i - 3 potions of curing {unknown}
 j - a potion of degeneration {unknown}
 m - a potion of mutation {unknown}


   Skills:
 + Level 4.2 Fighting
 + Level 1.8(2.7) Axes
 + Level 3.2(3.4) Maces & Flails
 + Level 4.1 Armour
 + Level 1.4 Dodging
 + Level 4.2 Shields


You had 3 spell levels left.
You didn't know any spells.
Your spell library was empty.

Dungeon Overview and Level Annotations

Branches:
Dungeon (2/15)

Altars:
Makhleb

Annotations:
D:2 Sigmund


Innate Abilities, Weirdness & Mutations

You have a pair of horns on your head.
You reflexively headbutt those who attack you in melee.


Message History

You kill the endoplasm!
Found a robe.
Found a hunting sling.
Sigmund the Dreaded comes into view.
He is wielding a +0 scythe.
Sigmund shouts!
Sigmund gestures wildly while chanting.
Sigmund flickers and vanishes!
Deactivating autopickup; reactivate with Ctrl-A.
You see here 10 gold pieces.
A magic dart appears from out of thin air!
The magic dart hits you!
Natasha, Servant of Life and Death comes into view.
Natasha moves out of view.
Natasha hisses angrily.
Natasha casts a spell.
There is an open door here.
Found a scroll labelled MEWKEA BEIKAPLYOQ.
A rat comes into view.
The white imp gestures at you. The puff of frost hits you!
Natasha stares at you and mumbles some strange words.
You resist with some effort.
Natasha casts a spell.
The white imp gestures at you. The puff of frost misses you.
There is an open door here.
Natasha extends her claws.
The shadow imp gestures at you. Pain shoots through your body!
As you read the scroll labelled ZOORITW SIOLUF, it crumbles to dust.
The creatures around you are filled with an inner flame!
It was a scroll of immolation.
You hit Natasha.
Flame seeps out of Natasha.
Natasha is moderately wounded.
Natasha is engulfed in blazing flames.
You feel Natasha's spirit has finally been put to rest.
The shadow imp disappears in a puff of smoke!
Natasha explodes!
The fiery explosion engulfs you!!
Ouch! That really hurt!
You die...

##.......## ##...#
#.........###....##?#
#.........##......#.#..
#.....$...#5...........
###........'.r5......'..
#......§####.........# #
#.##...§# ##.......# #
#.##○# ##...).## #.##@#
##...## # #.##.# ##'##
#.##.##.########.#######
#.......#...............
####.####{#####..######.
#.####.#####...## #.
#.........#.....####.
######.##.##...#.....
#........##.###.


There were no monsters in sight!

Vanquished Creatures
  Natasha (thrice) (D:2)
  An adder (D:2)
  A gnoll (D:1)
  A worm (D:2)
  A dart slug (D:1)
  A bat (D:2)
  3 endoplasms
  2 giant cockroaches
  3 hobgoblins
  A kobold (D:1)
  2 ball pythons
  7 frilled lizards
  2 goblins
  2 rats
30 creatures vanquished.

Notes
Turn   | Place    | Note
-------+----------+-------------------------------------------
     0 | D:1      | hquester1 the Minotaur Fighter began the quest for the Orb.
     0 | D:1      | Reached XP level 1. HP: 19/19 MP: 0/0
   142 | D:1      | Reached XP level 2. HP: 21/27 MP: 1/1
   455 | D:1      | Reached skill level 1 in Axes
   623 | D:2      | Reached XP level 3. HP: 28/33 MP: 2/2
   826 | D:2      | Noticed Natasha
   832 | D:2      | Reached skill level 1 in Dodging
   837 | D:2      | Killed Natasha
  1030 | D:2      | Noticed Natasha
  1048 | D:2      | Killed Natasha
  1049 | D:2      | Reached XP level 4. HP: 6/40 MP: 3/3
  1401 | D:2      | Found a burning altar of Makhleb.
  1589 | D:2      | Noticed Sigmund
  1613 | D:2      | Noticed Natasha
  1629 | D:2      | Killed Natasha
  1629 | D:2      | Killed by an exploding Natasha... ignited by their inner
                  | flame

Illustrated notes

Levels and vault maps discovered:
D:1:      eino_arrival_water_star, layout_basic, dk_noncrumbling_3
D:2:      layout_loops_corners, basic_altar, minmay_pentomino_s2, uniq_natasha,
          uniq_sigmund

Skill      XL: |  1  2  3 |
---------------+----------+-----
Shields        | 4 |  4.2
Axes           | 1 |  1.8
Fighting       | 4 |  4.2
Dodging        | 1 |  1.4
Maces & Flails | 3 |  3.2
Armour         | 4 |  4.1

Action                   |  1- 3 |  4- 6 || total
-------------------------+-------+-------++-------
Melee: Flail             |    79 |    10 ||    89
       Headbutt          |     8 |     1 ||     9
  Use: Scroll            |     1 |     1 ||     2
Armor: Scale mail        |    37 |     2 ||    39
Dodge: Dodged            |    36 |     5 ||    41
Block: Buckler           |    16 |       ||    16

Table legend: (Time is in decaauts)
 A = Elapsed time spent in this place.
 B = Non-inter-level travel time spent in this place.
 C = Inter-level travel time spent in this place.
 D = Time resting spent in this place.
 E = Time spent auto-exploring this place.
 F = Levels seen in this place.
 G = Mean time per level.
                   A        B        C        D        E       F      G
               +--------+--------+--------+--------+--------+-----+--------+
         Total |   1661 |   1640 |     21 |    428 |    906 |   2 |  830.5 |
       Dungeon |   1661 |   1640 |     21 |    428 |    906 |   2 |  830.5 |
               +--------+--------+--------+--------+--------+-----+--------+

Top non-repeatable levels by time:
     D:2: 1031 daAuts
     D:1: 629 daAuts
